[Event "Late-Titled-Tuesday-Blitz-July-09-2024"]
[Site "Chess.com"]
[Date "2024.07.09"]
[Round "7"]
[White "miraitrunks"]
[Black "1800_strength"]
[Result "0-1"]
[WhiteElo "2027"]
[BlackElo "2753"]
[TimeControl "180+1"]
[EndTime "15:15:07 PDT"]
[Termination "1800_strength won by checkmate"]

1. Nc3 c6 2. d4 d5 3. e4 Nf6 4. e5 Ne4 5. Bd3 Nxc3 6. bxc3 g6 7.
Nf3 Bg4 8. h3 Bxf3 9. Qxf3 Bg7 10.
e6 O-O 11. exf7+ Rxf7 12. Qg3 Nd7 13. O-O e5 14. Bg5 Qa5 15. dxe5 Bxe5 16. f4 Bxc3 17. Rab1 b6 18. f5 Be5 19. Qg4 Qc5+ 20. Kh1 Raf8 21. fxg6 Rxf1+ 22. Rxf1 Rxf1+ 23. Bxf1 Qf8 24. gxh7+ Kh8 25.
Bd3 Nc5 26. Bh6 Nxd3 27. cxd3 Qf1# 0-1

[Event "Late-Titled-Tuesday-Blitz-July-09-2024"]
[Site "Chess.com"]
[Date "2024.07.09"]
[Round "7"]
[White "cthake"]
[Black "LidongW"]
[Result "0-1"]
[WhiteElo "1826"]
[BlackElo "2271"]
[TimeControl "180+1"]
[EndTime "15:15:07 PDT"]
[Termination "LidongW won on time"]

1. c4 Nf6 2. Nc3 g6 3. g3 Bg7 4. Bg2 O-O 5. d4 c6 6. e4 d6 7. Nge2 e5 8. d5 Na6 9. O-O Nc7 10. h3 a5 11. Be3 Qe7 12. Qd2 Nh5 13. Bh6 Bxh6 14.
Qxh6 c5 15. g4 Ng7 16. Ng3 f5 17. gxf5 gxf5 18. exf5 Nxf5 19. Nxf5 Bxf5 20. Ne4 Bg6 21. Qd2 Rf4 22. Rae1 b6 23. Kh2 Raf8 24. Ng3 Qf6 25.
Ne4 Bxe4 26. Bxe4 Rxf2+ 27. Rxf2 Qxf2+ 28. Qxf2 Rxf2+ 29. Kh1 Rxb2 30. Bb1 Ne8 31. Rg1+ Ng7 32. h4 h6 33. a4 Kf7 34. Bg6+ Ke7 35. Be4 Ne8 36.
Rg6 Re2 37. Bf5 Rf2 38. Be6 Rf4 39. Rxh6 Rxc4 40. Rh7+ Kf8 41. Bd7 Nf6 0-1

[Event "Late-Titled-Tuesday-Blitz-July-09-2024"]
[Site "Chess.com"]
[Date "2024.07.09"]
[Round "7"]
[White "Queensandpawns"]
[Black "orkinyo12345"]
[Result "0-1"]
[WhiteElo "2310"]
[BlackElo "2482"]
[TimeControl "180+1"]
[EndTime "15:15:08 PDT"]
[Termination "orkinyo12345 won by checkmate"]

1. e4 e5 2. d4 exd4 3. c3 d5 4. e5 dxc3 5. Nf3 Nc6 6. Nxc3 Bb4 7. Bb5 Ne7 8. O-O O-O 9. a3 Bxc3 10. bxc3 Bg4 11.
Re1 Re8 12. Bd3 Qd7 13. h3 Bf5 14. Ng5 h6 15. Nf3 Bxd3 16. Qxd3 Ng6 17. c4 Ncxe5 18. Nxe5 Nxe5 19. Qxd5 Qxd5 20. cxd5 Nf3+ 21. gxf3 Rxe1+ 22. Kg2 Rd8 23. Bg5 Rxa1 24. Bxd8 Rd1 25. Bxc7 Rxd5 26.
Bf4 a6 27. Be3 f5 28. f4 Kf7 29. Kf3 Rd3 30. Ke2 Rxa3 31. Kd2 Ke6 32. Kc2 Kd5 33. Kb2 Rxe3 34. fxe3 Ke4 35. Kc3 Kxe3 36. h4 Kxf4 37. Kd4 g5 38. h5 Kg4 39. Ke5 f4 40. Kf6 Kxh5 41. Kg7 b5 42. Kh7 a5 43. Kg7 a4 44. Kf7 b4 45. Ke7 b3 46. Kd7 b2 47.
Kc7 a3 48. Kd7 a2 49. Ke7 a1=Q 50. Kf7 b1=Q 51. Kg8 f3 52. Kf8 Qb7 53. Kg8 Qaa8# 0-1

[Event "Late-Titled-Tuesday-Blitz-July-09-2024"]
[Site "Chess.com"]
[Date "2024.07.09"]
[Round "7"]
[White "NovoselovRoman"]
[Black "petr577"]
[Result "1-0"]
[WhiteElo "2572"]
[BlackElo "2418"]
[TimeControl "180+1"]
[EndTime "15:15:09 PDT"]
[Termination "NovoselovRoman won on time"]

1. e4 e5 2. Nf3 Nc6 3. Bc4 Nf6 4.
d3 Be7 5. O-O O-O 6. Nc3 d6 7.
h3 Kh8 8. a3 Ng8 9. d4 f5 10.
dxe5 fxe4 11. Nxe4 Rxf3 12. exd6 Rf8 13. dxe7 Qxe7 14. Re1 Ne5 15. Ng5 Qc5 16. Qe2 Nxc4 17. b4 Qf5 18. Qxc4 Qxf2+ 19. Kh2 Qxe1 20. Qf7 Qe5+ 21.
g3 Be6 22. Qh5 Nf6 23. Nf7+ Bxf7 24. Qxe5 Rae8 25. Qb5 Bg6 26. Bf4 Bxc2 27. Rc1 Be4 28. Rxc7 Bc6 29. Qg5 Re2+ 30. Kg1 1-0

[Event "Late-Titled-Tuesday-Blitz-July-09-2024"]
[Site "Chess.com"]
[Date "2024.07.09"]
[Round "7"]
[White "giomar27"]
[Black "norwaytoadog"]
[Result "0-1"]
[WhiteElo "2419"]
[BlackElo "2349"]
[TimeControl "180+1"]
[EndTime "15:15:13 PDT"]
[Termination "norwaytoadog won by resignation"]

1. e4 c5 2. Nf3 d6 3. d4 cxd4 4.
Nxd4 Nf6 5. Nc3 a6 6. Bc4 e6 7. Bb3 Nbd7 8. f4 Nc5 9. e5 Nfd7 10. exd6 Qh4+ 11. g3 Qh3 12. Kf2 Nf6 13. Qf3 Bxd6 14. Be3 Ng4+ 15. Ke2 Nxe3 16. Qxe3 O-O 17.
Nf3 e5 18. fxe5 Bg4 19. Kf2 Rae8 20. Rad1 Bxf3 21. Qxf3 Bxe5 22. Rde1 Nxb3 23. axb3 Re6 24. Ne4 Bd4+ 25. Ke2 f5 26. Kd2 fxe4 27. Qe2 Rf2 0-1

[Event "Late-Titled-Tuesday-Blitz-July-09-2024"]
[Site "Chess.com"]
[Date "2024.07.09"]
[Round "7"]
[White "vi_pranav"]
[Black "karinachess1"]
[Result "1-0"]
[WhiteElo "2980"]
[BlackElo "2670"]
[TimeControl "180+1"]
[EndTime "15:15:14 PDT"]
[Termination "vi_pranav won on time"]

1. Nf3 Nf6 2. g3 e6 3. Bg2 d5 4.
O-O c5 5. d3 Nc6 6. Bf4 Nh5 7.
Bd2 Be7 8. a4 O-O 9. e4 Nf6 10.
Re1 dxe4 11. dxe4 e5 12. Nc3 Bg4 13. h3 Bxf3 14. Bxf3 Nd4 15. Bg2 Qc7 16. Nd5 Nxd5 17. exd5 Nf5 18. Qe2 Bd6 19. c3 Rfe8 20. h4 h6 21. Qg4 Qc8 22. a5 Ne7 23. Qa4 a6 24. Re2 Ng6 25. Rae1 Rd8 26. Kh2 Qc7 27. Qg4 Qc8 28. Qh5 Nf8 29. Be4 Qc7 30. c4 Qe7 31. g4 Ng6 32. g5 1-0

[Event "Late-Titled-Tuesday-Blitz-July-09-2024"]
[Site "Chess.com"]
[Date "2024.07.09"]
[Round "7"]
[White "Chessbard1972"]
[Black "KorolDimitriy75"]
[Result "1/2-1/2"]
[WhiteElo "2275"]
[BlackElo "2396"]
[TimeControl "180+1"]
[EndTime "15:15:14 PDT"]
[Termination "Game drawn by agreement"]

1. d4 Nf6 2. c4 c5 3. d5 b5 4.
cxb5 a6 5. b6 d6 6. Nc3 Nbd7 7.
Nf3 g6 8. Nd2 Bg7 9. e4 O-O 10.
Be2 Nxb6 11. a4 a5 12. O-O e6 13. Nc4 exd5 14. Nxb6 Qxb6 15. exd5 Re8 16. Bb5 Bd7 17. Bf4 Rad8 18. h3 Ne4 19. Qf3 Nxc3 20. bxc3 Bxb5 21.
Rfb1 Be2 22. Rxb6 Bxf3 23. gxf3 Bxc3 24. Rc1 Bb4 25. Rxd6 Rxd6 26. Bxd6 Rd8 27. Bxc5 Rxd5 28. Bxb4 axb4 29. Rb1 Rd4 30. a5 Rd5 31. Ra1 Rd7 32. Kf1 b3 33. a6 b2 34. Rb1 Ra7 35. Rxb2 Rxa6 36. Ke2 Re6+ 37. Kf1 Kg7 38. Kg2 h5 39. h4 Rf6 40. Rb4 Re6 41. Kg3 Rf6 1/2-1/2

[Event "Late-Titled-Tuesday-Blitz-July-09-2024"]
[Site "Chess.com"]
[Date "2024.07.09"]
[Round "7"]
[White "SpeedofLight0"]
[Black "Javokhir_Sindarov05"]
[Result "1-0"]
[WhiteElo "3135"]
[BlackElo "3065"]
[TimeControl "180+1"]
[EndTime "15:15:17 PDT"]
[Termination "SpeedofLight0 won by resignation"]

1. c4 g6 2. d4 Nf6 3. Nc3 Bg7 4. e4 d6 5. Nf3 O-O 6. Be2 c5 7. O-O cxd4 8. Nxd4 Nc6 9. Be3 Bd7 10. h3 a6 11. Rc1 Nxd4 12. Bxd4 Bc6 13. Qc2 Bh6 14. Rcd1 Nd7 15. b4 e5 16. Be3 Bxe3 17. fxe3 Qg5 18. b5 axb5 19. cxb5 Ra3 20. Qc1 Rxc3 21. Qxc3 Bxe4 22. Bf3 Nf6 23. a4 d5 24. a5 Bxf3 25. Rxf3 Ne4 26. Qc7 d4 27. exd4 exd4 28. Rxd4 Qxb5 29.
Rd8 Ng5 30. Rxf8+ Kxf8 31. Qd8+ Kg7 32. Qf6+ Kg8 33. Rc3 1-0

[Event "Late-Titled-Tuesday-Blitz-July-09-2024"]
[Site "Chess.com"]
[Date "2024.07.09"]
[Round "7"]
[White "Road2GM3000"]
[Black "gamboajp"]
[Result "1-0"]
[WhiteElo "2387"]
[BlackElo "2163"]
[TimeControl "180+1"]
[EndTime "15:15:17 PDT"]
[Termination "Road2GM3000 won by resignation"]

1. d4 e6 2. c4 d5 3. Nc3 c5 4.
cxd5 exd5 5. Nf3 Nc6 6. g3 Nf6 7. Bg2 cxd4 8. Nxd4 Bc5 9. Be3 Qb6 10. Nxc6 Bxe3 11.
fxe3 bxc6 12. Qd2 O-O 13. O-O Re8 14. Nd1 Ne4 15. Bxe4 Rxe4 16. Rc1 Bh3 17. Rf2 Rae8 18. Qc3 Rc4 19. Qd2 Rxc1 20. Qxc1 d4 21. exd4 Qxd4 22. Nc3 h6 23. Qf4 Qxf4 24. Rxf4 Be6 25. Ra4 Re7 26. Ra6 Bd5 27. Kf2 g5 28. Nxd5 cxd5 29. Rxh6 Kg7 30.
Rd6 Rb7 31. b3 Rb5 32. Rd7 Ra5 33. a4 Kf6 34. Ke3 Ke6 35. Rb7 f5 36. Kd4 f4 37.
Rg7 Kf5 38. Rf7+ Kg4 39. gxf4 gxf4 40. Rd7 Ra6 41. Kxd5 Rb6 42. Kc4 Re6 43. Rxa7 Rxe2 44. Rg7+ Kh3 45. Rf7 Kg4 46. a5 f3 47. a6 Rxh2 48. a7 Ra2 49. b4 Rc2+ 50. Kd5 Ra2 51.
b5 f2 52. b6 Kg3 53. Kc6 Kg2 54. Kb7 f1=Q 55. Rxf1 Kxf1 56. a8=Q Rxa8 57. Kxa8 1-0

[Event "Late-Titled-Tuesday-Blitz-July-09-2024"]
[Site "Chess.com"]
[Date "2024.07.09"]
[Round "7"]
[White "ChessBrainiacOnTwitch"]
[Black "Chigorinetz"]
[Result "0-1"]
[WhiteElo "2797"]
[BlackElo "2625"]
[TimeControl "180+1"]
[EndTime "15:15:19 PDT"]
[Termination "Chigorinetz won on time"]

1. e4 c5 2. Nf3 Nc6 3. Bb5 g5 4.
Nxg5 Nf6 5. Bxc6 dxc6 6. e5 Rg8 7. d3 Qd5 8. exf6 Qxg2 9. Rf1 Rxg5 10. Bxg5 Bh3 11.
Nd2 Qxg5 12. Rh1 Bh6 13. Qe2 Qxf6 14. O-O-O Bg2 15. Rhg1 Bf3 16. Qe1 O-O-O 17. Kb1 Bxd1 18. Qxd1 Qxf2 19. Ne4 Qxh2 20. Qg4+ e6 21. Qd1 Qe5 22.
Rh1 Bg7 23. Nc3 c4 24. Re1 Qa5 25. Ne4 Qb5 26. Qc1 cxd3 27. cxd3 Qxd3+ 28. Ka1 h5 29. Nc3 Qd2 30. Qb1 Bxc3 31. bxc3 Qxc3+ 0-1

[Event "Late-Titled-Tuesday-Blitz-July-09-2024"]
[Site "Chess.com"]
[Date "2024.07.09"]
[Round "7"]
[White "talaicito"]
[Black "GilbertoHernandezAmura"]
[Result "0-1"]
[WhiteElo "2322"]
[BlackElo "2515"]
[TimeControl "180+1"]
[EndTime "15:15:19 PDT"]
[Termination "GilbertoHernandezAmura won on time"]

1. d4 Nf6 2. Nc3 d5 3. Bf4 c6 4. e3 Bf5 5. Nf3 Nbd7 6. Ne5 e6 7. g4 Nxe5 8. gxf5 Ned7 9. fxe6 fxe6 10. Bh3 Qe7 11.
Qe2 e5 12. dxe5 Nxe5 13. O-O-O Nc4 14. Rd3 Qb4 15. Nd1 Qa5 16. Kb1 Bd6 17. Rg1 Qc7 18. f3 Qe7 19. Bxd6 Nxd6 20. Qg2 O-O 21. Nf2 Rad8 22. Rdd1 Kh8 23. Rde1 Nc4 24. Qg5 Rf7 25. Nd3 Re8 26. e4 dxe4 27. Qh4 Nd2+ 28. Ka1 Nxf3 0-1

[Event "Late-Titled-Tuesday-Blitz-July-09-2024"]
[Site "Chess.com"]
[Date "2024.07.09"]
[Round "7"]
[White "Boorchess"]
[Black "Gzucaritas"]
[Result "1-0"]
[WhiteElo "2516"]
[BlackElo "2076"]
[TimeControl "180+1"]
[EndTime "15:15:28 PDT"]
[Termination "Boorchess won on time"]

1. d4 Nf6 2. Nf3 g6 3. Bf4 d5 4.
e3 Bg7 5. Be2 O-O 6. h3 c5 7. c3 Nc6 8. Nbd2 b6 9. O-O Bb7 10.
Ne5 Rc8 11. Qa4 Nxe5 12. Bxe5 a6 13. Qd1 b5 14. a4 b4 15. cxb4 cxb4 16. a5 Qd7 17. Qb3 Bh6 18. Qxb4 Rc2 19. Bd3 Rc6 20. Rfc1 Rfc8 21. Rxc6 Rxc6 22. Nb3 Qc8 23. Nc5 Ba8 24. Bxf6 exf6 25. Qd2 Bb7 26. b4 f5 27. Re1 Rf6 28.
f4 g5 29. g3 gxf4 30. exf4 Rg6 31. Kh2 Bg7 32. Qe3 Bc6 33. Bxa6 Qf8 34. b5 Bd7 35.
Nxd7 Qb4 36. Qe8+ Bf8 37. Qxf8+ 1-0

[Event "Late-Titled-Tuesday-Blitz-July-09-2024"]
[Site "Chess.com"]
[Date "2024.07.09"]
[Round "7"]
[White "Veleamater"]
[Black "pooh2012"]
[Result "0-1"]
[WhiteElo "2436"]
[BlackElo "2632"]
[TimeControl "180+1"]
[EndTime "15:15:29 PDT"]
[Termination "pooh2012 won by resignation"]

1. g3 Nf6 2. Bg2 d5 3. d3 g6 4. Nf3 Bg7 5. O-O O-O 6. h3 c6 7. Nc3 Re8 8. e4 e5 9. Nd2 Na6 10. f4 Nh5 11. Ne2 dxe4 12. Nxe4 f5 13. N4c3 exf4 14. Bxf4 Nxf4 15. Nxf4 Qb6+ 16. Kh2 Qxb2 17. Re1 Bd7 18. Rb1 Qxc3 19. Rxe8+ Rxe8 20. Rxb7 Re1 21. Qf3 Qd4 22. h4 Be5 23. c3 Qd6 24. d4 Bxf4 25. gxf4 Re4 26. Qg3 Rxf4 27. Kh3 Nc7 28. h5 Kg7 29. Rxa7 Ne6 30. a4 Kf6 31. a5 Ng5+ 32. Kh2 Rh4+ 0-1

[Event "Late-Titled-Tuesday-Blitz-July-09-2024"]
[Site "Chess.com"]
[Date "2024.07.09"]
[Round "7"]
[White "yujiarun18"]
[Black "Michalczak"]
[Result "0-1"]
[WhiteElo "2256"]
[BlackElo "2510"]
[TimeControl "180+1"]
[EndTime "15:15:30 PDT"]
[Termination "Michalczak won by resignation"]

1. e4 c5 2. Nf3 d6 3. d4 cxd4 4. Nxd4 Nf6 5. Nc3 g6 6. f3 Nc6 7.
Be3 h5 8. Qd2 Nxd4 9. Bxd4 Bh6 10. Qd1 Be6 11. Bb5+ Kf8 12. O-O a6 13. Ba4 Rc8 14.
Bb3 Bc4 15. Re1 Kg7 16. Nd5 e5 17. Bb6 Qf8 18. Bxc4 Rxc4 19. Qd3 Rc6 20. Bf2 Nxd5 21. exd5 Rc7 22. c4 Qc8 23. b3 Re8 24. Rad1 Qd7 25.
Re4 b5 26. Rde1 bxc4 27. bxc4 Rb8 28. h3 Rb2 29. Bg3 Rxa2 30. Rxe5 dxe5 31. Bxe5+ Kh7 32. Bxc7 Qxc7 33. Qd4 Qg3 0-1

[Event "Late-Titled-Tuesday-Blitz-July-09-2024"]
[Site "Chess.com"]
[Date "2024.07.09"]
[Round "7"]
[White "ChessSwole"]
[Black "Zhigalko_Sergei"]
[Result "1-0"]
[WhiteElo "2734"]
[BlackElo "2914"]
[TimeControl "180+1"]
[EndTime "15:15:31 PDT"]
[Termination "ChessSwole won by checkmate"]

1. d4 Nf6 2. Bg5 d5 3. Nd2 c5 4. Bxf6 gxf6 5. dxc5 e6 6. e4 Bxc5 7. Qh5 Qb6 8. O-O-O Bxf2 9. exd5 Bxg1 10. Rxg1 Na6 11. Bc4 Nc5 12. Rge1 e5 13. d6 Be6 14. Bxe6 Nxe6 15. Ne4 O-O-O 16. Qxf7 Nd4 17. Qxf6 Nc6 18. Kb1 Kb8 19. Qf2 Qa5 20. Qc5 Qa6 21. d7 Ka8 22. g4 Nb8 23. Qxe5 Rhg8 24. Nf6 Rg6 25. Nd5 Rxd7 26. Qxb8+ Kxb8 27. Re8+ Rd8 28. Rxd8# 1-0

[Event "Late-Titled-Tuesday-Blitz-July-09-2024"]
[Site "Chess.com"]
[Date "2024.07.09"]
[Round "7"]
[White "Yahisalem"]
[Black "TOCANTINS_TO"]
[Result "0-1"]
[WhiteElo "1953"]
[BlackElo "2046"]
[TimeControl "180+1"]
[EndTime "15:15:32 PDT"]
[Termination "TOCANTINS_TO won by resignation"]

1. e4 c5 2. Nf3 e6 3. d4 cxd4 4.
Nxd4 Nc6 5. Be3 Nf6 6. f3 d5 7.
Nxc6 bxc6 8. e5 Nd7 9. f4 Bc5 10.
Qd2 Qb6 11. Bxc5 Nxc5 12. b3 Ne4 13. Qd3 Qf2+ 14. Kd1 Qxf4 15. Qg3 Qxg3 16. hxg3 Nf2+ 17. Ke2 Nxh1 18. Kf3 h5 19. Nd2 h4 20. gxh4 Rxh4 21. Bd3 Ke7 22. g3 Rh6 23. Kg2 Nxg3 24. Kxg3 Bd7 25.
Rf1 Rah8 26. Nf3 f6 27. exf6+ gxf6 28. Kf2 e5 29. Rg1 e4 30. Nd4 exd3 31. Rg7+ Kd6 32. Rxd7+ Kxd7 0-1

[Event "Late-Titled-Tuesday-Blitz-July-09-2024"]
[Site "Chess.com"]
[Date "2024.07.09"]
[Round "7"]
[White "IlanSchnaider"]
[Black "JunjiCol"]
[Result "0-1"]
[WhiteElo "2832"]
[BlackElo "2472"]
[TimeControl "180+1"]
[EndTime "15:15:34 PDT"]
[Termination "JunjiCol won by checkmate"]

1. e4 e5 2. Nf3 d5 3. exd5 Nf6 4.
Nc3 e4 5. Qe2 Bb4 6. Qb5+ c6 7.
dxc6 Nxc6 8. Ne5 Bxc3 9. Nxc6 bxc6 10. Qxc6+ Bd7 11. Qxc3 O-O 12. Be2 Rc8 13. Qb3 Be6 14.
Qa4 Nd5 15. O-O Re8 16. Bb5 Re7 17. d3 Bf5 18. Bg5 f6 19. Bh4 e3 20. Bc4 Kh8 21. Bxd5 Qxd5 22. Rae1 e2 23. Qb4 exf1=Q+ 24. Rxf1 Rce8 25.
h3 Re2 26. Qa4 Bd7 27. Qxa7 Rxc2 28. Qb6 Qxd3 29. Bxf6 Qxf1+ 30. Kh2 Qxf2 31. Bxg7+ Kxg7 32.
Qb7 Qf4+ 33. Kg1 Rc1# 0-1

[Event "Late-Titled-Tuesday-Blitz-July-09-2024"]
[Site "Chess.com"]
[Date "2024.07.09"]
[Round "7"]
[White "Korchmar_Vasiliy"]
[Black "Charodej1"]
[Result "1-0"]
[WhiteElo "2610"]
[BlackElo "2391"]
[TimeControl "180+1"]
[EndTime "15:15:36 PDT"]
[Termination "Korchmar_Vasiliy won by resignation"]

1. e4 c6 2. d4 d5 3. exd5 cxd5 4. Bd3 Nc6 5. c3 Nf6 6. h3 Qc7 7. Nf3 g6 8. O-O Bf5 9. Re1 Bxd3 10. Qxd3 Bg7 11.
Bg5 O-O 12. Nbd2 Nh5 13. Qb5 Rfd8 14. Nb3 a6 15. Qe2 Re8 16. Ne5 h6 17. Bd2 Nf6 18.
Bf4 Qb6 19. Nc5 Nxe5 20. Bxe5 Rad8 21. a4 Nd7 22. Bxg7 Kxg7 23. b4 Qc7 24. Qf3 Nxc5 25. bxc5 e5 26. Qg3 Re7 27. Rab1 exd4 28. Qxc7 Rxc7 29.
cxd4 Kf6 30. Rb6+ Kg7 31. g4 Rdd7 32. Kg2 Kf8 33. a5 Rd8 34. Kg3 Rdd7 35. h4 Rd8 36.
h5 gxh5 37. Rxh6 1-0

[Event "Late-Titled-Tuesday-Blitz-July-09-2024"]
[Site "Chess.com"]
[Date "2024.07.09"]
[Round "7"]
[White "luggevoila"]
[Black "toninhojit"]
[Result "0-1"]
[WhiteElo "2334"]
[BlackElo "2489"]
[TimeControl "180+1"]
[EndTime "15:15:38 PDT"]
[Termination "toninhojit won by checkmate"]

1. e4 c5 2. Be2 Nc6 3. f4 g6 4.
Nf3 Bg7 5. O-O d6 6. c3 Bg4 7. h3 Bxf3 8. Bxf3 Nf6 9. d3 O-O 10. Be3 Rc8 11. d4 cxd4 12. cxd4 d5 13. e5 Ne4 14. Bxe4 dxe4 15. Nc3 Nb4 16. a3 Nd5 17. Nxd5 Qxd5 18. Rc1 f5 19. Qa4 a6 20. Qb4 e6 21.
Rfd1 Rfe8 22. Rc5 Rxc5 23. Qxc5 Qd7 24. Rc1 Bf8 25. Qc7 Qb5 26. Qc3 Qe2 27. Kh2 b5 28.
Rc2 Qd1 29. Qc6 Kf7 30. Rc3 Be7 31. Qxa6 Qe1 32. Qxb5 Bh4 33. Bg1 Bg3+ 34. Kh1 Bf2 35. Qd7+ Re7 36. Rc1 Qxc1 37. Kh2 Qxg1# 0-1

[Event "Late-Titled-Tuesday-Blitz-July-09-2024"]
[Site "Chess.com"]
[Date "2024.07.09"]
[Round "7"]
[White "Chessmatus"]
[Black "pinelone"]
[Result "1-0"]
[WhiteElo "2521"]
[BlackElo "2382"]
[TimeControl "180+1"]
[EndTime "15:15:39 PDT"]
[Termination "Chessmatus won by checkmate"]

1. e4 c6 2. d4 d5 3. e5 c5 4.
dxc5 e6 5. Nf3 Bxc5 6. a3 f6 7. b4 Be7 8. Bb2 a5 9. b5 Nd7 10. Nbd2 fxe5 11. Nxe5 Nxe5 12. Bxe5 Nf6 13. Bd3 O-O 14.
Nf3 Ng4 15. Bb2 Bf6 16. Bxf6 Qxf6 17. O-O Ne5 18. Nxe5 Qxe5 19. Qd2 Bd7 20. Rae1 Qf4 21. Qc3 Rfc8 22. Qb3 a4 23. Qb2 Rc5 24. g3 Qf6 25. Re5 Rac8 26. Rfe1 Rf8 27. f4 Qd8 28. Rh5 g6 29. Bxg6 hxg6 30. Rh8+ Kf7 31. Rh7+ Ke8 32. Qg7 Qc7 33. Qe7# 1-0

[Event "Late-Titled-Tuesday-Blitz-July-09-2024"]
[Site "Chess.com"]
[Date "2024.07.09"]
[Round "7"]
[White "Statham_01"]
[Black "dropstoneDP"]
[Result "0-1"]
[WhiteElo "2672"]
[BlackElo "3018"]
[TimeControl "180+1"]
[EndTime "15:15:40 PDT"]
[Termination "dropstoneDP won by resignation"]

1. e4 e5 2. d4 exd4 3. Nf3 Bc5 4. Bc4 Nf6 5. O-O Nxe4 6. Re1 d5 7. Bg5 f6 8. Bxd5 Qxd5 9. Nc3 Qc6 10. Rxe4+ Kf7 11. Nxd4 Bxd4 12. Qxd4 Re8 13. Rae1 Rxe4 14. Nxe4 Bf5 15. Ng3 Be6 16. Nh5 Qd5 17. Bxf6 Qxh5 18. Bxg7 Nd7 19. Bh8 Rg8 20. Qe4 Qg6 21. Qf3+ Ke7 22.
Bc3 c6 23. g3 Kd8 24. Ba5+ Kc8 25. Qf4 b6 26. Qd6 Bd5 27. Qa3 bxa5 28. Qxa5 Re8 29. Qa6+ Kb8 30. Rd1 Qe4 31. Qc8+ Kxc8 0-1

[Event "Late-Titled-Tuesday-Blitz-July-09-2024"]
[Site "Chess.com"]
[Date "2024.07.09"]
[Round "7"]
[White "annasargsyan_m"]
[Black "AlleyOoper"]
[Result "1-0"]
[WhiteElo "2690"]
[BlackElo "2554"]
[TimeControl "180+1"]
[EndTime "15:15:41 PDT"]
[Termination "annasargsyan_m won on time"]

1. d4 Nf6 2. c4 c5 3. d5 g6 4. Nc3 Bg7 5. e4 d6 6. f4 O-O 7. Nf3 e6 8. Be2 exd5 9. cxd5 Re8 10.
Qc2 Na6 11. a3 Nc7 12. O-O b5 13. e5 dxe5 14. d6 Ne6 15. fxe5 Ng4 16. Bxb5 Bd7 17.
Bxd7 Qxd7 18. Qe4 Nd4 19. Bf4 Nxf3+ 20. Qxf3 Nxe5 21. Qd5 Rad8 22. Rad1 Re6 23. Ne4 Qb5 24. b4 Nd7 25. Bg5 Rde8 26. Be7 Qe2 27. Ng5 Qe3+ 28. Kh1 Be5 29. Nxe6 Qh6 30. h3 1-0

[Event "Late-Titled-Tuesday-Blitz-July-09-2024"]
[Site "Chess.com"]
[Date "2024.07.09"]
[Round "7"]
[White "ninjatrick"]
[Black "enriquebutti"]
[Result "1-0"]
[WhiteElo "2495"]
[BlackElo "2189"]
[TimeControl "180+1"]
[EndTime "15:15:41 PDT"]
[Termination "ninjatrick won by resignation"]

1. Nf3 c5 2. c4 Nf6 3. Nc3 b6 4. b3 Bb7 5. Bb2 e6 6. e3 d5 7. d4 Nbd7 8. Be2 Bd6 9. O-O O-O 10. Re1 Rc8 11. Rc1 Qe7 12. cxd5 exd5 13. dxc5 bxc5 14. Nb5 Bb8 15. Ba3 a6 16. Nbd4 g6 17. Bd3 Bd6 18.
Ne2 Rfe8 19. Ng3 Ng4 20. Qe2 Ra8 21. e4 d4 22. Nxd4 Qh4 23. Nf3 Qh6 24. Nf1 Qh5 25.
h3 Nge5 26. Nxe5 Qxe5 27. g3 Nf6 28. Bb2 Qe7 29. e5 1-0

[Event "Late-Titled-Tuesday-Blitz-July-09-2024"]
[Site "Chess.com"]
[Date "2024.07.09"]
[Round "7"]
[White "TioCridineno"]
[Black "BillCoe"]
[Result "0-1"]
[WhiteElo "2431"]
[BlackElo "2098"]
[TimeControl "180+1"]
[EndTime "15:15:42 PDT"]
[Termination "BillCoe won by resignation"]

1. e4 c5 2. Nf3 e6 3. d4 cxd4 4. Nxd4 a6 5. Nc3 b5 6. g3 Bb7 7. Bg2 Nc6 8. O-O Bc5 9. Nb3 Ba7 10. Re1 Nge7 11. Be3 Bxe3 12. Rxe3 Qb6 13. Rd3 Rd8 14. Qd2 Ne5 15. Rd6 Qc7 16. Bf1 O-O 17. Kg2 b4 18. f3 bxc3 19. bxc3 N7g6 20. Rd1 Nc4 21. Bxc4 Qxc4 22.
Rxd7 Rxd7 23. Qxd7 Qe2+ 24. Kg1 Qxf3 25. Rd3 Qxe4 26.
Kf2 Ne5 27. Qd4 Nxd3+ 28. cxd3 Qxd4+ 29. Nxd4 Rc8 30. c4 e5 31. Nf5 Rd8 32. Ke3 g6 33.
Nh6+ Kg7 34. Ng4 f6 35. h4 h5 36. Nf2 Kf7 37. Nd1 f5 38. Nc3 Ke6 39. Na4 Rc8 40.
Nb6 Rc6 41. Na4 Rd6 42. Nc5+ Kf6 43. Nxb7 Rb6 44. Nc5 Rb2 45. Nxa6 Rxa2 46. Nc7 Ra3 47. Nb5 Rb3 48. Ke2 e4 49. dxe4 fxe4 50. Kf2 Ke5 51.
Kg2 Rb4 52. Na3 Ra4 53. Nc2 Rxc4 54. Ne3 Rc3 55. Nd1 Rc2+ 56. Kf1 Kd4 57. Ke1 e3 0-1

[Event "Late-Titled-Tuesday-Blitz-July-09-2024"]
[Site "Chess.com"]
[Date "2024.07.09"]
[Round "7"]
[White "rhungaski"]
[Black "praveenb2002"]
[Result "0-1"]
[WhiteElo "2635"]
[BlackElo "2849"]
[TimeControl "180+1"]
[EndTime "15:15:43 PDT"]
[Termination "praveenb2002 won on time"]

1. Nf3 g6 2. g3 Bg7 3. Bg2 d6 4. O-O Nc6 5. d3 Bd7 6. e4 Qc8 7. Re1 Bh3 8. Bh1 h5 9. d4 h4 10. e5 hxg3 11. fxg3 Bg4 12. e6 Bxd4+ 13. Be3 Bxe3+ 14.
Rxe3 Bxe6 15. Nd4 Nxd4 16. Qxd4 Nf6 17. Nc3 c5 18. Qa4+ Qd7 19. Qf4 d5 20. Rd1 d4 21.
Re5 Rc8 22. a4 a6 23. a5 Qc7 24. Ne4 Nd7 25. Rg5 Qxf4 26. gxf4 Bf5 27. b4 cxb4 28. Rxd4 Rxc2 29. Ng3 Rc1+ 0-1

[Event "Late-Titled-Tuesday-Blitz-July-09-2024"]
[Site "Chess.com"]
[Date "2024.07.09"]
[Round "7"]
[White "Marcin"]
[Black "XDPS"]
[Result "0-1"]
[WhiteElo "2642"]
[BlackElo "2879"]
[TimeControl "180+1"]
[EndTime "15:15:48 PDT"]
[Termination "XDPS won on time"]

1. e4 c5 2. Nf3 e6 3. d4 cxd4 4. Nxd4 a6 5. Nc3 Qc7 6. Qd3 b5 7. Qg3 d6 8. Be3 Nd7 9. O-O-O Ngf6 10. f4 b4 11. Na4 Nxe4 12. Qh3 Ndc5 13. Nxc5 dxc5 14.
Nf3 Be7 15. Ne5 Nf6 16. Bc4 Nd5 17. Qg3 O-O 18. h4 Bb7 19. h5 Rad8 20. h6 g6 21. Bf2 Bf6 22. Kb1 Nxf4 23. Nd7 Rxd7 24. Rxd7 Qxd7 25. Qxf4 Bh8 26. Bxc5 Rc8 27. Bxb4 Bxg2 28.
Re1 Bd5 29. Bxa6 Bxa2+ 30. Kc1 Rd8 31. b3 Qa7 32. Bc4 Bxb3 0-1

[Event "Late-Titled-Tuesday-Blitz-July-09-2024"]
[Site "Chess.com"]
[Date "2024.07.09"]
[Round "7"]
[White "mortngabriel"]
[Black "GulamaliRises"]
[Result "0-1"]
[WhiteElo "2464"]
[BlackElo "2656"]
[TimeControl "180+1"]
[EndTime "15:15:48 PDT"]
[Termination "GulamaliRises won on time"]

1. e4 e5 2. f4 Nc6 3. Nf3 f5 4.
exf5 e4 5. Ne5 Nxe5 6. fxe5 Qe7 7. Qh5+ Kd8 8. d4 exd3 9. Bxd3 Qxe5+ 10. Qe2 Qxe2+ 11.
Kxe2 d5 12. Nc3 c6 13. Bg5+ Be7 14. Bxe7+ Kxe7 15. g4 Nh6 16. Kf3 Bd7 17. Ne2 Rhf8 18.
Nf4 Nf7 19. Rae1+ Kd6 20. Kg3 Ne5 21. Bf1 g6 22. fxg6 Bxg4 23. gxh7 Bf5 24. Nd3 Nc4 25. b3 Nd2 26. Bg2 Bxh7 27. Nf2 Rg8+ 28. Kh3 Bf5+ 29.
Kh4 Rxg2 0-1

[Event "Late-Titled-Tuesday-Blitz-July-09-2024"]
[Site "Chess.com"]
[Date "2024.07.09"]
[Round "7"]
[White "chessuriel"]
[Black "noblerone"]
[Result "1-0"]
[WhiteElo "2344"]
[BlackElo "2458"]
[TimeControl "180+1"]
[EndTime "15:15:48 PDT"]
[Termination "chessuriel won by resignation"]

1. e4 c5 2. Nf3 e6 3. b3 b6 4. Bb2 Bb7 5. Qe2 Nc6 6. g3 d6 7. Bg2 Nf6 8. O-O Be7 9. d4 cxd4 10. Nxd4 Rc8 11. Rd1 Nxd4 12. Bxd4 Qc7 13. c4 e5 14. Bb2 O-O 15. Nc3 a6 16. Rac1 Rfd8 17. Na4 Nd7 18. Bh3 Bc6 19. Nc3 Rb8 20. Nd5 Bxd5 21. cxd5 Qb7 22. Rc6 Nc5 23. b4 Na4 24. Rdc1 Nxb2 25.
Qxb2 Bf8 26. Rc7 Qa8 27. Qe2 Re8 28. Bf1 a5 29. b5 Re7 30. R7c6 Rd7 31. Bh3 Rdd8 32.
Qh5 g6 33. Qf3 Rb7 34. Bf1 a4 35. a3 Re7 36. h4 h5 37. Be2 Qa5 38. Qf6 Red7 39.
Qg5 Qa7 40. Bxh5 Be7 41. Qg4 Qa5 42. Bxg6 fxg6 43. Qxg6+ Kf8 44. h5 Qd2 45. h6 Bg5 46. h7 Ke7 47. Qg7+ 1-0